 Dungeon Crawl Stone Soup version 0.25.1-2-g60ff931df9 (webtiles) character file.

Game seed: 14411655894799360501

20672 funkygono the Thaumaturge (level 12, -2/81 HPs)
             Began as a Demonspawn Conjurer on Oct 31, 2020.
             Was an Elder of Sif Muna.
             Slain by Rupert
             ... wielding a +2 great sword of protection
              (37 damage)
             ... on level 4 of the Lair of Beasts.
             The game lasted 00:48:18 (20275 turns).

funkygono the Thaumaturge (Demonspawn Conjurer)    Turns: 20275, Time: 00:48:18

Health: -2/81      AC: 18    Str: 10    XL:     12   Next: 47%
Magic:  18/28      EV: 19    Int: 21    God:    Sif Muna [****..]
Gold:   273        SH:  0    Dex: 15    Spells: 28/36 levels left

rFire    . . .     SeeInvis .   I - +2 whip (freeze)
rCold    + . .     Gourm    .   (no shield)
rNeg     + . .     Faith    .   a - +0 robe
rPois    .         Spirit   .   p - +2 helmet
rElec    .         Reflect  .   (no cloak)
rCorr    +         Harm     +   i - +0 pair of gloves
MR       ++...     NoTele   +   z - +3 pair of boots "Ceetwosk" {-Tele Harm rN+ MR++}
Stlth    ++........             (no amulet)
HPRegen  0.23/turn              f - +4 ring of evasion
MPRegen  0.21/turn              q - +4 ring of protection

@: mighty
A: claws 2, hooves 1, yellow scales 3, agile 1, cold resistance 1, powered by
pain 2
a: Channel Magic, Forget Spell, Divine Exegesis, Renounce Religion


You were on level 4 of the Lair of Beasts.
You worshipped Sif Muna.
Sif Muna was greatly pleased with you.
You were near starving.

You visited 3 branches of the dungeon, and saw 15 of its levels.

You collected 558 gold pieces.
You spent 285 gold pieces at shops.

Inventory:

Hand Weapons
 y - a +0 whip of flaming
 I - a +2 whip of freezing (weapon)
Missiles
 d - 319 stones (quivered)
Armour
 a - a +0 robe (worn)
 i - a +0 pair of gloves (worn)
 p - a +2 helmet (worn)
 z - the +3 pair of boots "Ceetwosk" (worn) {-Tele Harm rN+ MR++}
   (You bought it in a shop on level 4 of the Dungeon)

   It protects you from negative energy.
   It affects your resistance to hostile enchantments.
   It prevents most forms of teleportation.
   It increases damage dealt and taken.
Jewellery
 f - a +4 ring of evasion (left hand)
 q - a +4 ring of protection (right hand)
Wands
 e - a wand of polymorph (12)
 k - a wand of disintegration (17)
 n - a wand of digging (18)
 r - a wand of paralysis (10)
 u - a wand of flame (59)
Scrolls
 c - 4 scrolls of teleportation
 h - 4 scrolls of magic mapping
 j - 2 scrolls of identify
 v - 2 scrolls of fog
 x - 5 scrolls of remove curse
 B - 3 scrolls of amnesia
Potions
 b - a potion of invisibility
 l - 2 potions of brilliance
 s - 4 potions of stabbing
 w - 2 potions of flight
 A - 3 potions of curing
 C - a potion of haste
 E - a potion of magic
 H - 2 potions of heal wounds
 J - a potion of might
Comestibles
 m - 19 rations


   Skills:
 + Level 3.2 Fighting
 + Level 1.8 Maces & Flails
 + Level 5.6 Dodging
 - Level 1.7 Stealth
 + Level 12.5 Spellcasting
 + Level 12.5 Conjurations
 + Level 3.8 Translocations
 + Level 5.3 Fire Magic


You had 28 spell levels left.
You knew the following spells:

 Your Spells              Type           Power        Failure   Level  Hunger
a - Magic Dart            Conj           ####         1%          1    None
b - Searing Ray           Conj           ######       1%          2    None
c - Iskenderun's Mystic   Conj/Tloc      #####...     1%          4    None
d - Foxfire               Conj/Fire      ####         1%          1    None

Your spell library contained the following spells:

 Spells                   Type           Power        Failure   Level  Hunger
 Dazzling Flash           Conj/Hex       #####.       1%          3    None
 Shroud of Golubria       Chrm/Tloc      ###...       3%          2    None
 Fulminant Prism          Conj/Hex       #####.....   3%          4    None
 Corona                   Hex            ##.....      4%          1    None
 Infusion                 Chrm           ##..         4%          1    None
 Ensorcelled Hibernation  Hex/Ice        ##....       8%          2    None
 Song of Slaying          Chrm           ##......     8%          2    None
 Confusing Touch          Hex            ##......     16%         3    None
 Ozocubu's Armour         Chrm/Ice       ##......     16%         3    None
 Spectral Weapon          Hex/Chrm       ##......     16%         3    None
 Tukima's Dance           Hex            ##......     16%         3    None
 Cause Fear               Hex            ##........   45%         4    None
 Dragon Form              Tmut           ##........   100%        7    #######
 Dragon's Call            Summ           ##........   100%        9    #######


Dungeon Overview and Level Annotations

Branches:
Dungeon (10/15)            Temple (1/1) D:5            Lair (4/6) D:10
 Shoals (0/4) Lair:2       Spider (0/4) Lair:3          Orc (0/2) D:9

Altars:
Ashenzari
Cheibriados
Dithmenos
Elyvilon
Fedhas
Gozag
Hepliaklqana
Kikubaaqudgha
Makhleb
Nemelex Xobeh
Okawaru
Qazlal
Ru
Sif Muna
Trog
Uskayaw
Vehumet
Wu Jian
Xom
Yredelemnul
Zin
The Shining One

Shops:
D:4 *   D:7 *%   D:8 =:*   D:9 (

Annotations:
Lair:3 3 runed translucent doors, Ixoagrun's ghost, journeyman MiFi
Lair:4 Rupert


Innate Abilities, Weirdness & Mutations

You have very sharp fingernails.
You are completely covered in yellow scales. (AC +4, rCorr)
Your flesh is cold resistant. (rC+)
You sometimes gain power by taking damage.
You have large cloven feet.
You are agile. (Dex +2)


Message History

You finish channeling your searing ray.
The water moccasin closely misses you.
Rupert roars madly and goes into a rage!
Rupert goes berserk!
Casting: Searing Ray (safe; 1% risk of failure)
Confirm with . or Enter, or press ? or * to list all spells.
Aiming: Searing Ray (safe; 1% risk of failure)
Press: ? - help, Shift-Dir - straight line, f/p - Rupert
Aim: Rupert, wielding a +2 great sword of protection and wearing a +0 scale mail (lightly wounded, berserk)
The searing ray hits Rupert!
Rupert is moderately wounded. (Press . to maintain the ray.) Rupert hits you with a +2 great sword of protection!!
You focus on the pain.
You feel very mighty all of a sudden.
The water moccasin bites you but does no damage.
The water moccasin closely misses you.
The searing ray hits Rupert.
Rupert is moderately wounded.
Rupert hits you with a +2 great sword of protection!!
You die...

....# ...#
.... ##%.##
##....#
#P....#
#..@S####..
#..@.....#.
#P.........
#...#.#.##.
##...### #
#....#
#....##
###....P#
#........##
...
#..^......###
..#


You could see Rupert (berserk) and a water moccasin.

Vanquished Creatures
  Gastronok (D:9)
  4 hydras
  2 two-headed ogres
  A lindwurm (Lair:2)
  Pikel (D:8)
  2 oklob plants (D:10)
  2 gargoyles (D:10)
  Joseph (D:9)
  Psyche (D:8)
  A spiny frog (Lair:2)
  Maggie (D:6)
  A jumping spider (Lair:3)
  3 komodo dragons
  2 trolls
  4 blink frogs (Lair:3)
  Grinder (D:5)
  A snapping turtle (Lair:2)
  2 hippogriffs
  Sigmund (D:5)
  10 yaks
  4 redbacks (Lair:3)
  3 wyverns
  Menkaure (D:4)
  2 water moccasins
  Duvessa (D:5)
  5 porcupines
  An orc warrior (D:6)
  A necrophage (D:5)
  4 black bears
  4 sky beasts
  3 slaves (D:8)
  2 ice beasts
  4 ogres
  3 centaurs
  5 crocodiles
  A big kobold (D:10)
  11 bullfrogs
  A gnoll sergeant (D:6)
  Dowan (D:5)
  A wyvern skeleton (D:6)
  2 scorpions
  An electric eel (D:9)
  4 wights (D:7)
  5 crimson imps
  2 bullfrog zombies
  A quasit (D:6)
  A centaur zombie (D:8)
  8 hounds
  7 orc priests
  2 jellies (D:10)
  A bullfrog skeleton (D:7)
  6 iguanas
  8 orc wizards
  9 worker ants
  A hound skeleton (D:10)
  2 howler monkey zombies
  Robin (D:3)
  13 gnolls
  12 adders
  A river rat (D:5)
  3 shadow imps
  2 oozes (D:2)
  3 adder skeletons
  2 worms
  5 dart slugs
  6 leopard geckos
  24 orcs
  9 bats
  13 giant cockroaches
  23 goblins
  11 hobgoblins
  19 jackals
  7 quokkas
  4 ball pythons
  3 goblin skeletons (D:4)
  A goblin zombie (D:4)
  3 hobgoblin zombies (D:4)
  10 kobolds
  3 kobold skeletons (D:4)
  2 kobold zombies (D:4)
  A quokka skeleton (D:9)
  9 rats
  2 rat zombies (D:8)
  7 plants (D:10)
359 creatures vanquished.

Vanquished Creatures (others)
  A slave (D:8)
  A gnoll shaman (D:8)
  174 foxfires
176 creatures vanquished.

Grand Total: 535 creatures vanquished

Notes
Turn   | Place    | Note
-------+----------+-------------------------------------------
     0 | D:1      | funkygono the Demonspawn Conjurer began the quest for the
                  | Orb.
     0 | D:1      | Reached XP level 1. HP: 13/13 MP: 3/3
   345 | D:1      | Gained mutation: You have sharp fingernails. [demonic
                  | ancestry]
   345 | D:1      | Reached XP level 2. HP: 14/19 MP: 0/5
   349 | D:1      | Learned a level 2 spell: Searing Ray
  1068 | D:1      | Gained mutation: You sometimes gain a little power by
                  | taking damage. [demonic ancestry]
  1068 | D:1      | Reached XP level 3. HP: 24/24 MP: 2/6
  1688 | D:2      | Reached skill level 5 in Conjurations
  1959 | D:2      | Gained mutation: You have very sharp fingernails. [demonic
                  | ancestry]
  1959 | D:2      | Reached XP level 4. HP: 29/30 MP: 1/8
  2460 | D:2      | Found a shadowy altar of Dithmenos.
  2924 | D:3      | Found a shimmering altar of Xom.
  2980 | D:3      | Reached XP level 5. HP: 35/35 MP: 7/9
  3007 | D:3      | Learned a level 4 spell: Iskenderun's Mystic Blast
  3258 | D:3      | Noticed Robin
  3269 | D:3      | Paralysed by Robin for 3 turns
  3279 | D:3      | Killed Robin
  4285 | D:4      | Noticed an ogre
  4290 | D:4      | Killed an ogre
  4290 | D:4      | Gained mutation: You are partially covered in yellow
                  | scales. (AC +2) [demonic ancestry]
  4290 | D:4      | Reached XP level 6. HP: 31/42 MP: 3/12
  4307 | D:4      | Reached skill level 1 in Translocations
  4516 | D:4      | Found a glowing golden altar of the Shining One.
  4521 | D:4      | Noticed Menkaure
  4534 | D:4      | Killed Menkaure
  4536 | D:4      | Gained mutation: You are mostly covered in yellow scales.
                  | (AC +3) [demonic ancestry]
  4536 | D:4      | Reached XP level 7. HP: 26/47 MP: 5/13
  4995 | D:4      | Found a sacrificial altar of Ru.
  5370 | D:4      | Found Muish's Assorted Antiques.
  5589 | D:5      | Entered Level 5 of the Dungeon
  5672 | D:5      | Reached skill level 1 in Fighting
  5732 | D:5      | Reached skill level 5 in Spellcasting
  5742 | D:5      | Noticed Sigmund
  5763 | D:5      | Killed Sigmund
  5763 | D:5      | Reached skill level 1 in Maces & Flails
  5872 | D:5      | Gained mutation: You sometimes gain power by taking damage.
                  | [demonic ancestry]
  5872 | D:5      | Reached XP level 8. HP: 46/54 MP: 6/16
  5947 | D:5      | Noticed Duvessa
  5948 | D:5      | Noticed Dowan
  5958 | D:5      | Killed Duvessa
  5960 | D:5      | Killed Dowan
  6204 | D:5      | Found an iron altar of Okawaru.
  6205 | D:5      | Found a bloodstained altar of Trog.
  6342 | D:5      | Found a staircase to the Ecumenical Temple.
  6342 | D:5      | Noticed Grinder
  6345 | D:5      | Paralysed by Grinder for 7 turns
  6358 | D:5      | Killed Grinder
  6629 | Temple   | Entered the Ecumenical Temple
  6634 | Temple   | Became a worshipper of Sif Muna the Loreminder
  7811 | D:5      | HP: 2/54 [poisoned by a gnoll sergeant]
  7819 | D:5      | HP: 2/54 [poisoned by a gnoll sergeant]
  8292 | D:6      | HP: 2/54 [poisoned by a gnoll sergeant]
  8298 | D:6      | Gained mutation: You have large cloven feet. [potion of
                  | mutation]
  8298 | D:6      | Gained mutation: You are agile. (Dex +2) [potion of
                  | mutation]
  8298 | D:6      | HP: 1/54 [poisoned by a gnoll sergeant]
  8303 | D:6      | HP: 1/54 [poisoned by a gnoll sergeant]
  8309 | D:6      | HP: 1/81 [poisoned by a gnoll sergeant]
  8714 | D:6      | Found a hazy altar of Hepliaklqana.
  8715 | D:6      | Noticed Maggie
  8716 | D:6      | Found a shattered altar of Ashenzari.
  8726 | D:6      | Killed Maggie
  8726 | D:6      | Reached * piety under Sif Muna
  8726 | D:6      | Reached XP level 9. HP: 36/59 MP: 10/20
  8728 | D:6      | Found a snail-covered altar of Cheibriados.
  8843 | D:6      | Found a sparkling altar of Nemelex Xobeh.
  8845 | D:6      | Found a blossoming altar of Fedhas.
  9094 | D:6      | Found a snail-covered altar of Cheibriados.
  9814 | D:7      | Found Owaonaako's General Store.
 10084 | D:7      | Found Touruh's Food Boutique.
 11332 | D:8      | Noticed Pikel
 11374 | D:8      | Killed Pikel
 11374 | D:8      | Gained mutation: Your flesh is cold resistant. (rC+)
                  | [demonic ancestry]
 11374 | D:8      | Reached XP level 10. HP: 30/67 MP: 2/23
 11563 | D:8      | Noticed Psyche
 11596 | D:8      | Reached ** piety under Sif Muna
 11609 | D:8      | Found Pecw's Jewellery Shop.
 11784 | D:8      | Killed Psyche
 11784 | D:8      | Reached skill level 10 in Conjurations
 11843 | D:8      | Found Doidgh's Assorted Antiques.
 11981 | D:8      | Found a radiant altar of Vehumet.
 12127 | D:8      | Noticed a six-headed hydra
 12142 | D:8      | Killed a six-headed hydra
 12556 | D:8      | Found Faywnof's Book Shop.
 12826 | D:4      | Bought a pair of translucent boots for 285 gold pieces
 12836 | D:4      | Identified the +3 pair of boots "Ceetwosk" {-Tele Harm rN+
                  | MR++} (You bought it in a shop on level 4 of the Dungeon)
 13006 | D:9      | Got an iridescent dagger
 13091 | D:9      | Noticed a two-headed ogre
 13100 | D:9      | Killed a two-headed ogre
 13100 | D:9      | Reached skill level 10 in Spellcasting
 13204 | D:9      | Found a shimmering altar of Xom.
 13208 | D:9      | Learned a level 1 spell: Foxfire
 13319 | D:9      | Noticed Gastronok
 13331 | D:9      | Killed Gastronok
 13331 | D:9      | Reached XP level 11. HP: 55/74 MP: 16/25
 13676 | D:9      | Found a staircase to the Orcish Mines.
 13820 | D:9      | Found Zips's Weapon Boutique.
 13985 | D:9      | Noticed Joseph
 13992 | D:9      | Killed Joseph
 14205 | D:9      | Identified the +7 dagger of Efirhujilio {speed, Str+3} (You
                  | found it on level 9 of the Dungeon)
 14223 | D:10     | Entered Level 10 of the Dungeon
 14458 | D:10     | Noticed a two-headed ogre
 14464 | D:10     | Killed a two-headed ogre
 14473 | D:10     | Reached *** piety under Sif Muna
 15177 | D:10     | Found a staircase to the Lair.
 15182 | D:10     | Noticed an oklob plant
 15197 | D:10     | Noticed an oklob plant
 15373 | D:10     | Killed an oklob plant
 15932 | D:10     | Killed an oklob plant
 16318 | Lair:1   | Entered Level 1 of the Lair of Beasts
 16413 | Lair:1   | Noticed a four-headed hydra
 16424 | Lair:1   | Killed a four-headed hydra
 16468 | Lair:1   | You fall into a shaft and drop 1 floor!
 16645 | Lair:2   | Reached skill level 5 in Dodging
 17582 | Lair:2   | Reached skill level 5 in Fire Magic
 17626 | Lair:2   | Reached **** piety under Sif Muna
 17632 | Lair:2   | Gained mutation: You are completely covered in yellow
                  | scales. (AC +4, rCorr) [demonic ancestry]
 17632 | Lair:2   | Reached XP level 12. HP: 78/80 MP: 15/27
 18304 | Lair:2   | Found a staircase to the Shoals.
 18314 | Lair:2   | HP: 3/80 [snapping turtle (30)]
 18852 | Lair:3   | Found a runed translucent gate.
 18852 | Lair:3   | Found a runed translucent gate.
 18852 | Lair:3   | Noticed a seven-headed hydra
 18852 | Lair:3   | Noticed a four-headed hydra
 18857 | Lair:3   | Noticed Ixoagrun's ghost (journeyman MiFi)
 18860 | Lair:3   | Killed a four-headed hydra
 18943 | Lair:3   | Found a runed translucent gate.
 19059 | Lair:3   | Found the +8 orange crystal plate armour {Archmagi, Int+3
                  | Clar}
 19741 | Lair:3   | Found a hole to the Spider Nest.
 19923 | Lair:4   | Noticed a seven-headed hydra
 19929 | Lair:4   | Killed a seven-headed hydra
 20264 | Lair:4   | Noticed Rupert
 20275 | Lair:4   | Slain by Rupert

Illustrated notes

Levels and vault maps discovered:
D:1:      wheals_arrival_linesprint, layout_basic, kennysheep_small_spiral,
          minivault_19, minmay_misc_feat_rugged, minivault_25, hex_intersection,
          lemuel_old_faithful
D:2:      layout_rooms, nicolae_dithmenos_through_a_glass_darkly
D:3:      layout_basic, xom_butterflies, first_ration, uniq_robin
D:4:      layout_loops_ring, nicolae_tso_besieged_by_evil, serial_shops,
          nicolae_shop_behind_doors, nicolae_ru_awakened_eye, uniq_menkaure
D:5:      layout_basic, grunt_temple_overflow_bloody_war, temple_green,
          portal_sewer_entry_e, uniq_duvessa, uniq_sigmund, uniq_grinder
D:6:      layout_cave_pools, minitemple, kennysheep_slug_shrine, uniq_maggie
D:7:      lemuel_upstairs_altar, layout_basic, serial_shops, shop, shop
D:8:      layout_basic, kennysheep_mini, enter_ossuary_4, serial_shops, shop,
          shop, nicolae_shop_temple_entry_statues_fountains, enter_bailey_3,
          uniq_psyche, uniq_pikel
D:9:      layout_basic, orc_0_dummy, serial_shops, nicolae_shop_crystal,
          tgw_xom, uniq_joseph, uniq_gastronok
D:10:     layout_cave_pools, dpeg_oklobed_lair
Temple:   compressed_dpeg_circular_temple
Lair:1:   layout_regular_city, chequers_serial_rivers_large_a
Lair:2:   layout_regular_city, minmay_shoals_entry_hut,
          nicolae_volcano_entry_vermiform, chequers_serial_rivers_room_a
Lair:3:   layout_loops_ring, spider_nest_entry_funnel_web, gammafunk_ghost_split
Lair:4:   layout_concentric_octagons, uniq_rupert

Skill      XL: |  1  2  3  4  5  6  7  8  9 10 11 12 |
---------------+-------------------------------------+-----
Conjurations   | 5 6 7 8 9 10 11 12 | 12.5
Spellcasting   | 3 4 5 7 9 10 11 12 | 12.5
Dodging        | 2 3 4 5 |  5.6
Translocations | 1 2 3 |  3.8
Fighting       | 1 2 3 |  3.2
Maces & Flails | 1 |  1.8
Fire Magic     | 2 5 |  5.3
Stealth        | |  1.7

Action                   |  1- 3 |  4- 6 |  7- 9 | 10-12 || total
-------------------------+-------+-------+-------+-------++-------
Melee: Unarmed           |     1 |       |       |       ||     1
       Short sword       |     1 |       |       |       ||     1
       Club              |    22 |       |       |       ||    22
       Whip              |       |    29 |    33 |   153 ||   215
 Cast: Magic Dart        |    46 |    66 |   158 |    90 ||   360
       Searing Ray       |    11 |    25 |    96 |   109 ||   241
       Iskenderun's Myst |       |       |     2 |     2 ||     4
       Foxfire           |       |       |       |   106 ||   106
  Use: Scroll            |     1 |     8 |    13 |     7 ||    29
       Potion            |       |       |     5 |       ||     5
 Stab: Sleeping          |       |       |       |     1 ||     1
  Eat: Chunk             |     2 |     8 |    18 |    15 ||    43
       Ration            |     1 |       |     1 |     3 ||     5
Armor: Robe              |    15 |    15 |    62 |    50 ||   142
Dodge: Dodged            |    43 |    24 |   116 |   149 ||   332
